 Dungeon Crawl Stone Soup version 0.28-a0-479-g5baa6b73be (webtiles) character file.

Game seed: 12925634460325977856

7609 Dabor the Fighter (level 11, -1/89 HPs)
             Began as a Formicid Abyssal Knight on Sept 19, 2021.
             Was an Elder of Lugonu.
             Slain by Snorg (6 damage)
             ... on level 11 of the Dungeon.
             The game lasted 00:22:54 (11848 turns).

Dabor the Fighter (Formicid Abyssal Knight)        Turns: 11848, Time: 00:22:55

Health: -1/89      AC: 22    Str: 18    XL:     11   Next: 40%
Magic:  16/16      EV:  4    Int: 13    God:    Lugonu [****..]
Gold:   885        SH: 13    Dex: 11    Spells: 10/10 levels left

rFire   . . .      SeeInvis +   y - +3 trident (flame)
rCold   . . .      Faith    .   z - +2 kite shield
rNeg    . . .      Spirit   .   I - +0 plate armour
rPois   .          Reflect  +   (helmet unavailable)
rElec   .          Harm     .   c - +2 cloak {Stlth+}
rCorr   .          Rampage  .   l - +0 pair of gloves
Will    +....                   p - +2 pair of boots
Stlth   ..........              F - amulet of reflection
HPRegen 0.24/turn               (no ring)
MPRegen 0.15/turn               (no ring)

@: studying Invocations, invisible
A: permanent stasis, dig shafts and tunnels, antennae 3, four strong arms
a: Dig, Shaft Self, Renounce Religion, Depart the Abyss, Bend Space, Banish,
Corrupt


You were on level 11 of the Dungeon.
You worshipped Lugonu.
Lugonu was greatly pleased with you.
You visited 1 branch of the dungeon, and saw 11 of its levels.
You visited the Abyss 2 times.

You collected 885 gold pieces.

Inventory:

Hand Weapons
 a - a +2 spear
 k - a +1 falchion of holy wrath
 v - a +2 spear of venom
 y - a +3 trident of flaming (weapon)
 J - a +3 spear
Missiles
 b - 170 stones (quivered)
Armour
 c - a +2 cloak of stealth (worn)
 l - a +0 pair of gloves (worn)
 p - a +2 pair of boots (worn)
 z - a +2 kite shield (worn)
 I - a +0 plate armour (worn)
Jewellery
 F - an amulet of reflection (around neck)
Wands
 d - a wand of acid (4)
 e - a wand of paralysis (11)
 m - a wand of charming (14)
 n - a wand of polymorph (19)
 E - a wand of flame (21)
 H - a wand of iceblast (19)
Scrolls
 h - 3 scrolls of enchant armour
 i - 3 scrolls of identify
 q - a scroll of amnesia
 s - 2 scrolls of fear
 t - a scroll of fog
 u - 2 scrolls of torment
 x - 3 scrolls of magic mapping
 B - a scroll of silence
 C - 5 scrolls of immolation {unknown}
Potions
 f - 3 potions of berserk rage
 g - 3 potions of might
 o - 4 potions of ambrosia
 r - 4 potions of mutation
 w - a potion of resistance
 A - 2 potions of flight
 D - a potion of degeneration {unknown}


   Skills:
 * Level 9.2 Fighting
 * Level 8.0 Polearms
 * Level 8.9 Armour
 + Level 4.9 Dodging
 + Level 7.0 Stealth
 + Level 7.6 Invocations
 + Level 4.1 Evocations


You had 10 spell levels left.
You didn't know any spells.
Your spell library contained the following spells:

 Spells                   Type           Power      Damage    Failure   Level
 Shock                    Conj/Air       0%         1d3       100%        1
 Ensorcelled Hibernation  Hex/Ice        0%         N/A       100%        2
 Static Discharge         Conj/Air       0%         N/A       100%        2
 Call Canine Familiar     Summ           0%         N/A       100%        3
 Portal Projectile        Hex/Tloc       0%         N/A       100%        3
 Tukima's Dance           Hex            0%         N/A       100%        3
 Airstrike                Air            0%         N/A       100%        4
 Dispel Undead            Necr           0%         3d6       100%        4
 Leda's Liquefaction      Hex/Erth       0%         N/A       100%        4
 Sticky Flame             Conj/Fire      0%         2d3       100%        4
 Swiftness                Air            Unusable   N/A       N/A         3

Dungeon Overview and Level Annotations

Branches:
Dungeon (11/15)            Temple (0/1) D:7            Lair (0/6) D:10
    Orc: D:9-12

Altars:
Cheibriados
Fedhas
Gozag
Kikubaaqudgha
Makhleb
Nemelex Xobeh
Okawaru
Qazlal
Sif Muna
Uskayaw
Wu Jian
Zin
The Shining One

Annotations:
D:11 Snorg


Innate Abilities, Weirdness & Mutations

You cannot be hasted, slowed, berserked, paralysed or teleported.
You can dig through walls and to a lower floor.
You have a pair of large antennae on your head. (SInv)
Your four strong arms can wield two-handed weapons with a shield.


Message History

Okay, then.
Unknown command.
Press: ? - help, v - describe, . - travel, g - get item
Here: a death yak (translocational energy, almost dead) Item here: a +0 scale mail.
The floor.
You flicker for a moment.
As you read the scroll of fog, it crumbles to dust.
The scroll dissolves into smoke.
You flicker back into view.
Found a small garnet ring.
You are starting to lose your buoyancy.
You float gracefully downwards.
You see here a ring of protection from cold.
Found a scroll of identify.
Found 3 scrolls of fog.
Snorg the Insatiable comes into view.
Snorg shouts!
Your magical contamination has completely faded away.
Press: ? - help, v - describe, . - travel
Here: Snorg The floor.
Unknown command.
Snorg goes berserk!
You hear a shout! x2
Snorg rages.
Snorg rages.
Snorg bites you!
* * * LOW HITPOINT WARNING * * *
You block Snorg's attack. x2
Okay, then.
Press: ? - help, v - describe, . - travel
Here: Snorg (berserk)
The floor.
You can't see any enemies this would affect, really read the scroll of fear?
Okay, then.
Okay, then.
You fade into invisibility!
You block Snorg's attack. x2; Snorg claws you.
You die...

### #.. #.# #.#
#.# #.# #@# #T#
#.# ..# #.# #..#
#.# #..# #.# #..#
#.########..#
#........#..#
###.T{##.#..######


You could see Snorg (berserk).

Vanquished Creatures
  2 death yaks
  The ghost of Froggeryz the Cudgeller, a novice HuFi of Okawaru (D:5)
  Psyche (D:8)
  A komodo dragon (D:9)
  Grinder (D:3)
  2 hornets
  6 yaks (D:9)
  2 wyverns
  The ghost of paps the Cudgeller, an amateur DsGl (D:3)
  A water moccasin (D:6)
  An orc warrior (D:9)
  An ice beast (D:5)
  A sky beast (D:7)
  6 ogres
  3 centaurs
  A phantom (D:5)
  A kobold brigand (D:8)
  6 bullfrogs
  Blork the orc (D:6)
  2 gnoll sergeants
  A scorpion (D:5)
  A water moccasin zombie (D:5)
  A water moccasin skeleton (D:5)
  5 killer bees (D:10)
  A howler monkey (D:9)
  5 wights (D:10)
  2 centaur zombies (D:7)
  A bullfrog zombie (D:6)
  3 jellies
  3 hounds
  3 orc priests
  2 bullfrog skeletons
  A gnoll shaman (D:7)
  Ijyb (D:3)
  4 iguanas
  14 orc wizards
  A killer bee zombie (D:6)
  A hound skeleton (D:5)
  2 howler monkey zombies
  A howler monkey skeleton (D:5)
  14 gnolls
  5 adders
  A white imp (D:5)
  An ufetubus (D:5)
  A worm (D:3)
  2 dart slugs
  23 orcs
  5 bats
  5 endoplasms
  9 giant cockroaches
  6 goblins
  8 hobgoblins
  7 jackals
  5 quokkas
  3 ball pythons (D:1)
  A frilled lizard (D:2)
  6 kobolds
  A rat (D:1)
197 creatures vanquished.

Vanquished Creatures (others)
  3 kobolds (D:8)
3 creatures vanquished.

Grand Total: 200 creatures vanquished

Notes
Turn   | Place    | Note
-------+----------+-------------------------------------------
     0 | Abyss:1  | Dabor the Formicid Abyssal Knight began the quest for the
                  | Orb.
     0 | Abyss:1  | Reached XP level 1. HP: 18/18 MP: 2/2
    43 | Abyss:1  | Found a corrupted altar of Lugonu.
   120 | Abyss:1  | Noticed a will-o-the-wisp
   120 | Abyss:1  | Noticed a raiju
   121 | Abyss:1  | Noticed a ghoul
   122 | D:1      | Escaped the Abyss
   344 | D:1      | Reached skill level 1 in Dodging
   347 | D:1      | Reached XP level 2. HP: 21/24 MP: 3/3
   347 | D:1      | Reached * piety under Lugonu
   516 | D:1      | Reached XP level 3. HP: 29/29 MP: 4/4
   574 | D:1      | Reached skill level 1 in Stealth
  1323 | D:2      | Found a faded altar of an unknown god.
  1412 | D:2      | Reached XP level 4. HP: 17/37 MP: 5/5
  1831 | D:3      | Noticed Grinder
  1885 | D:3      | Killed Grinder
  1886 | D:3      | Reached skill level 4 in Fighting
  1886 | D:3      | Reached XP level 5. HP: 14/43 MP: 5/7
  1886 | D:3      | Reached XP level 6. HP: 16/49 MP: 5/8
  2242 | D:3      | Found a runed translucent gate.
  2248 | D:3      | Noticed paps's ghost (amateur DsGl)
  2249 | D:3      | Found a runed translucent gate.
  2250 | D:3      | Found a runed translucent gate.
  2365 | D:3      | Noticed Ijyb
  2399 | D:3      | Killed Ijyb
  2575 | D:3      | Reached ** piety under Lugonu
  2731 | D:4      | Reached XP level 7. HP: 55/55 MP: 9/9
  2997 | D:4      | Found an ornate altar of the Wu Jian Council.
  3007 | D:4      | Reached skill level 5 in Fighting
  3658 | D:5      | Entered Level 5 of the Dungeon
  4244 | D:5      | Reached XP level 8. HP: 56/63 MP: 10/10
  4436 | D:5      | Reached skill level 5 in Armour
  4620 | D:5      | Reached skill level 6 in Fighting
  4917 | D:5      | Found a runed translucent gate.
  4918 | D:5      | Found a runed translucent gate.
  4918 | D:5      | Found a runed translucent gate.
  4923 | D:5      | Found an opulent altar of Gozag.
  4926 | D:5      | Noticed a wyvern
  4927 | D:5      | Noticed Froggeryz's ghost (novice HuFi)
  5113 | D:6      | You fall into a shaft and drop 2 floors!
  5126 | D:8      | Reached skill level 5 in Polearms
  5131 | D:8      | Noticed Psyche
  5161 | D:7      | Reached XP level 9. HP: 45/69 MP: 12/12
  5431 | D:7      | Reached *** piety under Lugonu
  5595 | D:7      | Found a staircase to the Ecumenical Temple.
  5887 | D:7      | Reached skill level 5 in Invocations
  5922 | D:7      | Reached skill level 1 in Evocations
  6694 | D:6      | Reached skill level 5 in Stealth
  6883 | D:6      | Reached skill level 7 in Fighting
  7076 | D:6      | Noticed Blork the orc
  7086 | D:6      | Killed Blork the orc
  7800 | D:3      | Killed paps's ghost
  8150 | D:5      | Reached XP level 10. HP: 79/79 MP: 14/14
  8152 | D:5      | Killed Froggeryz's ghost
  8341 | D:8      | Cast into level 1 of the Abyss (Psyche)
  8380 | Abyss:1  | Noticed a worldbinder
  8394 | D:8      | Escaped the Abyss
  8405 | D:8      | Killed Psyche
  9103 | D:8      | Found a blossoming altar of Fedhas.
  9422 | D:9      | Found a stormy altar of Qazlal.
  9493 | D:9      | Found a sparkling altar of Nemelex Xobeh.
  9493 | D:9      | Found an ancient bone altar of Kikubaaqudgha.
  9493 | D:9      | Found a glowing golden altar of the Shining One.
  9494 | D:9      | Found a snail-covered altar of Cheibriados.
  9494 | D:9      | Found an iron altar of Okawaru.
  9495 | D:9      | Found a burning altar of Makhleb.
  9509 | D:9      | Reached skill level 8 in Fighting
  9844 | D:9      | Identified a scroll of acquirement
  9844 | D:9      | Acquired a manual of Invocations
  9938 | D:9      | Found a glowing silver altar of Zin.
  9940 | D:9      | Found a hide-covered altar of Uskayaw.
 10082 | D:9      | Reached **** piety under Lugonu
 10129 | D:9      | Found a shimmering blue altar of Sif Muna.
 10466 | D:9      | Reached XP level 11. HP: 53/87 MP: 14/16
 10909 | D:10     | Entered Level 10 of the Dungeon
 11307 | D:10     | Noticed a death yak
 11353 | D:10     | Killed a death yak
 11354 | D:10     | Reached skill level 9 in Fighting
 11711 | D:10     | Found a staircase to the Lair.
 11713 | D:10     | Noticed a death yak
 11714 | D:10     | Noticed a death yak
 11715 | D:10     | Noticed a death yak
 11715 | D:10     | Noticed a death yak
 11715 | D:10     | Noticed a death yak
 11715 | D:10     | Noticed a death yak
 11743 | D:11     | Killed a death yak
 11822 | D:11     | Noticed Snorg
 11848 | D:11     | Slain by Snorg

Illustrated notes

Levels and vault maps discovered:
D:1:      nagdon_arrival_double_spiral, layout_basic
D:2:      layout_basic, hellmonk_ecumenical_altar_arch_garden
D:3:      layout_rooms, ebering_ghost_rock_garden, uniq_ijyb, uniq_grinder
D:4:      layout_rooms, nicolae_wu_jian_wuxing_cycle
D:5:      layout_rooms, ebering_ghost_gozag, minmay_joined_circles
D:6:      layout_basic, uniq_blork_the_orc
D:7:      layout_loops_ring, minmay_temple_entry_purple_smoke
D:8:      layout_rooms, kennysheep_mini_moat, chequers_serial_rivers_micro_e,
          uniq_psyche
D:9:      layout_basic, grunt_temple_overflow_open, kennysheep_orc_sif_temple,
          minitemple
D:10:     layout_long_grid, lemuel_coloured_pillars_altar, dpeg_lair_monsters
D:11:     layout_loops_ring, serial_shops, nicolae_shop_waterfront, uniq_snorg

Skill      XL: |  1  2  3  4  5  6  7  8  9 10 11 |
---------------+----------------------------------+-----
Dodging        | 1 2 3 4 |  4.9
Stealth        | 1 2 3 4 5 6 7 |  7.0
Armour         | 3 4 5 7 8 |  8.9
Fighting       | 4 5 6 7 8 9 |  9.2
Polearms       | 3 4 5 6 7 8 |  8.0
Invocations    | 3 4 5 6 7 |  7.6
Evocations     | 2 3 4 |  4.1

Action                   |  1- 3 |  4- 6 |  7- 9 | 10-12 || total
-------------------------+-------+-------+-------+-------++-------
Melee: Spear             |   112 |   128 |   479 |       ||   719
       Trident           |       |       |    47 |   317 ||   364
Throw: Boomerang         |       |     1 |     1 |       ||     2
       Stone             |       |       |       |     8 ||     8
Invok: Depart the Abyss  |     1 |       |       |     1 ||     2
       Bend Space        |       |       |     7 |     2 ||     9
 Abil: Dig               |       |       |       |     1 ||     1
Evoke: Wand              |       |       |    10 |     2 ||    12
  Use: Scroll            |       |       |    16 |     3 ||    19
       Potion            |       |       |     1 |     8 ||     9
 Stab: Sleeping          |     1 |     2 |    10 |     1 ||    14
       Invisible         |       |       |       |     3 ||     3
Armor: Scale mail        |    45 |    40 |   207 |    15 ||   307
       Plate armour      |       |       |       |   132 ||   132
       Skin              |       |       |       |    10 ||    10
Dodge: Dodged            |    63 |    46 |   183 |    68 ||   360
Block: Kite shield       |       |       |       |   105 ||   105
       Reflection        |       |       |       |     6 ||     6

Table legend: (Time is in decaauts)
 A = Elapsed time spent in this place.
 B = Non-inter-level travel time spent in this place.
 C = Inter-level travel time spent in this place.
 D = Time resting spent in this place.
 E = Time spent auto-exploring this place.
 F = Levels seen in this place.
 G = Mean time per level.
                   A        B        C        D        E       F      G
               +--------+--------+--------+--------+--------+-----+--------+
         Total |  11827 |  11154 |    673 |   2302 |   6410 |  13 |  909.8 |
       Dungeon |  11652 |  10979 |    673 |   2302 |   6407 |  11 | 1059.3 |
         Abyss |    174 |    174 |      0 |      0 |      3 |   2 |   87.0 |
               +--------+--------+--------+--------+--------+-----+--------+

Top non-repeatable levels by time:
     D:9: 1534 daAuts
     D:6: 1415 daAuts
     D:4: 1355 daAuts
     D:5: 1262 daAuts
     D:7: 1222 daAuts
     D:3: 1170 daAuts
     D:8: 1058 daAuts
     D:1: 931 daAuts
    D:10: 838 daAuts
     D:2: 736 daAuts
 Abyss:1: 174 daAuts
    D:11: 127 daAuts
